 Dungeon Crawl Stone Soup version 0.26-a0-812-g31a745ddcd (webtiles) character file.

Game seed: 16062797704212383594

4445 Borgoz the Carver (level 10, -1/86 HPs)
             Began as a Ghoul Monk on Dec 8, 2020.
             Slain by an orc warrior
             ... wielding a +0 halberd
              (18 damage)
             ... in a bailey.
             The game lasted 00:13:23 (8643 turns).

Borgoz the Carver (Ghoul Monk)                      Turns: 8643, Time: 00:13:23

Health: -1/86      AC:  9    Str: 17    XL:     10   Next: 37%
Magic:  9/9        EV: 17    Int:  5    God:
Gold:   481        SH:  0    Dex: 19    Spells: 9/9 levels left

rFire    . . .     SeeInvis .   a - +5 long sword
rCold    + . .     Faith    .   (no shield)
rNeg     + + +     Spirit   .   h - +0 steam dragon scales
rPois    ∞         Reflect  .   (no helmet)
rElec    .         Harm     .   d - +1 cloak
rCorr    .         Rampage  .   (no gloves)
MR       .....                  (no boots)
Stlth    ++........             (no amulet)
HPRegen  0.00/turn              e - +6 ring of dexterity
MPRegen  0.11/turn              (no ring)

@: no status effects
A: rotting body, claws 1, cold resistance 1, negative energy resistance 3,
inhibited regeneration, torment resistance, unbreathing
a: no special abilities


You were in a bailey.
You visited 1 branch of the dungeon, and saw 7 of its levels.
You also visited: Ossuary and Bailey.

You collected 481 gold pieces.

Inventory:

Hand Weapons
 a - a +5 long sword (weapon)
 b - a cursed +0 great sword
Armour
 d - a +1 cloak (worn)
 h - +0 steam dragon scales (worn)
Jewellery
 e - a +6 ring of dexterity (left claw)
Wands
 m - a wand of acid (1)
Scrolls
 c - 3 scrolls of remove curse
 k - 5 scrolls of teleportation
 q - a scroll of blinking
 r - a scroll of enchant armour
Potions
 g - 2 potions of heal wounds
 i - 3 potions of flight {unknown}
 l - a potion of curing
 n - a potion of cancellation {unknown}
 o - a potion of haste
 p - a potion of ambrosia {unknown}
 s - 2 potions of might {unknown}


   Skills:
 + Level 7.4 Fighting
 * Level 8.5 Long Blades
 * Level 7.7 Armour
 + Level 6.1 Dodging
 - Level 2.1 Stealth


You had 9 spell levels left.
You didn't know any spells.
Your spell library contained the following spells:

 Spells                   Type           Power        Failure   Level
 Magic Dart               Conj           #...         47%         1
 Blink                    Tloc           N/A          63%         2
 Call Imp                 Summ           #.......     63%         2
 Slow                     Hex            #.......     63%         2
 Conjure Flame            Conj/Fire      #.......     85%         3
 Mephitic Cloud           Conj/Pois/Air  #.......     85%         3


Dungeon Overview and Level Annotations

Branches:
Dungeon (7/15)            Ossuary (visited)          Bailey (1/1)
 Temple: D:4-7

Altars:
Ashenzari
Cheibriados
Kikubaaqudgha
Sif Muna
Wu Jian
Xom
Yredelemnul
Zin

Shops:
D:7 (


Innate Abilities, Weirdness & Mutations

Your body is rotting away.
You thrive by killing the living.
You are immune to poison.
You have sharp fingernails.
Your flesh is cold resistant. (rC+)
You are immune to negative energy. (rN+++)
You do not regenerate when monsters are visible.
You are immune to unholy pain and torment.
You can survive without breathing.


Message History

Throwing (i - inventory)
j - a throwing net (quivered)
Press: ? - help, Shift-Dir - straight line, f - orc warrior
Aim: an orc warrior, wielding a +0 halberd and wearing a +0 plate armour (lightly wounded)
You throw a throwing net. The throwing net hits the orc warrior.
The orc warrior is caught in the net!
The orc warrior is lightly wounded.
The orc warrior hits you from afar with a +0 halberd!!
* * * LOW HITPOINT WARNING * * *
The orc warrior struggles against the net.
The orc barely misses you.
You riposte.
You slash the orc!
You kill the orc!
You feel better.
You hit the orc warrior.
The orc warrior is moderately wounded.
The orc warrior closely misses you.
The orc warrior struggles against the net.
You slash the orc warrior!
The orc warrior is severely wounded.
The orc warrior hits you from afar with a +0 halberd!!
You die...

#.≈.≈.≈≈...≈≈.≈.
#≈..#.≈.≈≈.≈...≈.≈≈.
#≈..#.≈≈.≈.≈≈≈≈≈.≈.≈
#≈..##.≈.≈≈..)..≈≈.≈
#≈oo⌠#.≈≈.≈≈≈)≈≈≈.≈≈
#≈...#..≈≈..≈)≈..≈≈.
#≈.o.#.⌠.≈≈≈.).≈≈≈.⌠
#≈)o.##....≈≈≈≈≈....
#≈.@..#####.....####
##.......⌠#######⌠..
##..............)..
##................
#########+++#####


You could see 2 orc warriors and 2 orcs.

Vanquished Creatures
  Pikel (D:5)
  The ghost of mkm the Cleaver, a novice MiBe of Trog (D:6)
  Maggie (D:6)
  A wyvern (D:7)
  Menkaure (D:4)
  2 orc warriors (Bailey)
  2 ice beasts
  A necrophage (D:7)
  4 ogres
  A sky beast (D:7)
  3 centaurs
  A lemure (D:5)
  An elf zombie (Ossuary)
  5 bullfrogs
  2 scorpions (D:4)
  7 wights
  A vampire bat (D:5)
  4 howler monkeys
  4 electric eels (D:6)
  A bullfrog zombie (D:7)
  A hound (D:5)
  4 orc priests
  A jelly (D:6)
  A bullfrog skeleton (D:4)
  2 iguanas (D:4)
  5 orc wizards
  4 worker ants (D:5)
  A killer bee zombie (D:6)
  3 big kobold zombies (Ossuary)
  2 mummies (Ossuary)
  8 adders
  2 white imps
  4 ufetubi
  2 oozes
  2 adder skeletons
  2 adder zombies (Ossuary)
  4 worms
  A dart slug (D:1)
  3 leopard geckos
  25 orcs
  A bat skeleton (D:3)
  4 bat zombies (D:3)
  6 giant cockroaches
  6 goblins
  9 hobgoblins
  A quokka (D:4)
  A ball python (D:2)
  8 bats
  5 frilled lizards
  2 goblin zombies (Ossuary)
  11 hobgoblin zombies (Ossuary)
  A jackal skeleton (D:4)
  7 kobolds
  10 kobold zombies (Ossuary)
  A leopard gecko zombie (D:5)
  7 orc zombies (Ossuary)
  11 rats
212 creatures vanquished.

Vanquished Creatures (others)
  An orc wizard (D:6)
1 creature vanquished.

Grand Total: 213 creatures vanquished

Notes
Turn   | Place    | Note
-------+----------+-------------------------------------------
     0 | D:1      | Borgoz the Ghoul Monk began the quest for the Orb.
     0 | D:1      | Reached XP level 1. HP: 19/19 MP: 0/0
   188 | D:1      | Reached XP level 2. HP: 26/26 MP: 1/1
   264 | D:1      | Reached skill level 3 in Long Blades
   710 | D:1      | Reached skill level 1 in Armour
   848 | D:1      | Reached XP level 3. HP: 31/31 MP: 2/2
  1288 | D:2      | Reached XP level 4. HP: 36/40 MP: 3/3
  1904 | D:2      | Found a shimmering altar of Xom.
  1994 | D:3      | Found a glowing silver altar of Zin.
  2153 | D:3      | Found a faded altar of an unknown god.
  2235 | D:3      | Found an ancient bone altar of Kikubaaqudgha.
  2343 | D:3      | Reached XP level 5. HP: 46/46 MP: 4/4
  2479 | D:3      | Found a snail-covered altar of Cheibriados.
  2691 | D:4      | Reached skill level 4 in Long Blades
  2805 | D:4      | Noticed an ogre
  2808 | D:4      | Killed an ogre
  2808 | D:4      | Reached XP level 6. HP: 52/52 MP: 5/5
  3164 | D:4      | Reached XP level 7. HP: 58/60 MP: 6/6
  3484 | D:4      | Noticed Menkaure
  3493 | D:4      | Killed Menkaure
  3493 | D:4      | Reached skill level 5 in Long Blades
  3630 | D:4      | Found a broken altar of Ashenzari.
  3747 | D:5      | Entered Level 5 of the Dungeon
  3923 | D:5      | Reached skill level 5 in Fighting
  4185 | D:5      | Reached XP level 8. HP: 68/68 MP: 7/7
  4781 | D:5      | Found a shimmering blue altar of Sif Muna.
  4854 | D:5      | Found a basalt altar of Yredelemnul.
  5128 | D:6      | Noticed Pikel
  5155 | D:5      | Killed Pikel
  5155 | D:5      | Reached skill level 6 in Long Blades
  5155 | D:5      | Reached skill level 5 in Armour
  5219 | D:6      | Found a runed translucent door.
  5219 | D:6      | Noticed mkm's ghost (novice MiBe)
  5251 | D:6      | Killed mkm's ghost
  5251 | D:6      | Reached skill level 5 in Dodging
  5251 | D:6      | Reached XP level 9. HP: 34/75 MP: 8/8
  5279 | D:6      | Found a runed translucent door.
  5342 | D:6      | Reached skill level 7 in Long Blades
  5349 | D:6      | Found an ornate altar of the Wu Jian Council.
  5465 | D:6      | Found a sand-covered staircase.
  5471 | Ossuary  | Entered an ossuary
  6256 | D:6      | Noticed Maggie
  6277 | D:6      | Killed Maggie
  7461 | D:7      | Found a flagged portal.
  7468 | D:7      | Found Apuynt's Weapon Boutique.
  7512 | D:7      | Reached XP level 10. HP: 46/84 MP: 9/9
  7523 | D:7      | Reached skill level 8 in Long Blades
  8015 | Bailey   | Entered a bailey
  8643 | Bailey   | Slain by an orc warrior

Illustrated notes

Levels and vault maps discovered:
D:1:      scummos_arrival_forest, layout_basic
D:2:      layout_loops_ring, lemuel_coloured_pillars_altar
D:3:      layout_basic, zin_treasury, old_standard_altar,
          kennysheep_vampire_church, chequers_ecumenical_altar_grove,
          kennysheep_pointless_box
D:4:      layout_loops_ring, kennysheep_mini_moat, uniq_menkaure
D:5:      minmay_inner_zag, layout_basic, kennysheep_mini, basic_altar
D:6:      layout_loops_ring, old_standard_altar, nicolae_ossuary_entry_plus,
          ebering_ghost_sewer_f, kennysheep_boxes, uniq_pikel, uniq_maggie
D:7:      layout_rooms, nicolae_overflow_crystal_walls,
          minmay_temple_entry_junction_2, serial_shops, shop, enter_bailey_2
Bailey:   bailey_polearm_flooded_kennysheep, bailey

Skill      XL: |  1  2  3  4  5  6  7  8  9 10 |
---------------+-------------------------------+-----
Long Blades    | 3 4 5 6 7 8 |  8.5
Armour         | 1 2 3 4 5 7 |  7.7
Dodging        | 3 4 5 6 |  6.1
Fighting       | 4 5 6 7 |  7.4
Stealth        | |  2.1

Action                   |  1- 3 |  4- 6 |  7- 9 | 10-12 || total
-------------------------+-------+-------+-------+-------++-------
Melee: Falchion          |   114 |   194 |   446 |    75 ||   829
       Long sword        |       |       |       |    43 ||    43
Throw: Throwing net      |       |       |       |     1 ||     1
Evoke: Wand              |       |     2 |     1 |     4 ||     7
  Use: Scroll            |       |     6 |    10 |       ||    16
       Potion            |       |     2 |     6 |     2 ||    10
 Stab: Sleeping          |     6 |     2 |     3 |       ||    11
Armor: Robe              |    12 |       |       |       ||    12
       Leather armour    |    11 |       |       |       ||    11
       Ring mail         |     8 |    93 |   128 |       ||   229
       Steam dragon scal |       |       |    21 |    47 ||    68
Dodge: Dodged            |    75 |   144 |   335 |   157 ||   711
       Rpst.: Falchion   |    33 |    47 |    98 |    19 ||   197
       Long sword        |       |       |       |    14 ||    14

Table legend: (Time is in decaauts)
 A = Elapsed time spent in this place.
 B = Non-inter-level travel time spent in this place.
 C = Inter-level travel time spent in this place.
 D = Time resting spent in this place.
 E = Time spent auto-exploring this place.
 F = Levels seen in this place.
 G = Mean time per level.
                   A        B        C        D        E       F      G
               +--------+--------+--------+--------+--------+-----+--------+
         Total |   8644 |   8502 |    142 |   2532 |   3826 |   9 |  960.4 |
       Dungeon |   7382 |   7240 |    142 |   1925 |   3620 |   7 | 1054.6 |
       Ossuary |    635 |    635 |      0 |    287 |    169 |   1 |  635.0 |
        Bailey |    627 |    627 |      0 |    320 |     37 |   1 |  627.0 |
               +--------+--------+--------+--------+--------+-----+--------+

Top non-repeatable levels by time:
     D:6: 1648 daAuts
     D:5: 1415 daAuts
     D:4: 1187 daAuts
     D:1: 1147 daAuts
     D:2: 824 daAuts
 Ossuary: 635 daAuts
     D:3: 632 daAuts
  Bailey: 627 daAuts
     D:7: 527 daAuts
